 Dungeon Crawl Stone Soup version 0.28-a0-519-gbfeecf2fc5 (webtiles) character file.

Game seed: 7548419715586033797

400 speeev33 the Covered (level 6, 0/40 HPs)
             Began as a Gargoyle Fighter on Sept 23, 2021.
             Killed from afar by Dowan (14 damage)
             ... with a shard of ice
             ... on level 4 of the Dungeon.
             The game lasted 00:05:29 (3814 turns).

speeev33 the Covered (Gargoyle Fighter)             Turns: 3814, Time: 00:05:29

Health: 0/40       AC: 15    Str: 22    XL:     6   Next: 84%
Magic:  6/6        EV:  8    Int:  8    God:
Gold:   102        SH:  5    Dex:  9    Spells: 5/5 levels left

rFire   . . .      SeeInvis .   e - +2 whip (drain)
rCold   . . .      Faith    .   c - +1 buckler
rNeg    + . .      Spirit   .   g - +0 chain mail
rPois   ∞          Reflect  .   h - +0 helmet
rElec   +          Harm     .   (no cloak)
rCorr   .          Rampage  .   (no gloves)
Will    .....                   (no boots)
Stlth   ..........              (no amulet)
HPRegen 0.13/turn               (no ring)
MPRegen 0.10/turn               (no ring)

@: no status effects
A: sickness immunity, AC +4, negative energy resistance 1, electricity
resistance, torment resistance 1, petrification resistance
a: no special abilities


You were on level 4 of the Dungeon.
You visited 1 branch of the dungeon, and saw 4 of its levels.

You collected 102 gold pieces.

Inventory:

Hand Weapons
 e - a +2 whip of draining (weapon)
Armour
 c - a +1 buckler (worn)
 g - a +0 chain mail (worn)
 h - a +0 helmet (worn)
Wands
 b - a wand of mindburst (21)
Potions
 a - 2 potions of magic
 d - a potion of might
 f - 2 potions of lignification {unknown}
 i - a potion of berserk rage {unknown}


   Skills:
 + Level 5.2 Fighting
 + Level 4.2 Maces & Flails
 + Level 5.2 Armour
 - Level 4.0 Shields


You had 5 spell levels left.
You didn't know any spells.
Your spell library contained the following spells:

 Spells                   Type           Power      Damage    Failure   Level
 Airstrike                Air            0%         N/A       100%        4
 Summon Lightning Spire   Summ/Air       0%         N/A       100%        4
 Lightning Bolt           Conj/Air       0%         1d11      100%        5


Dungeon Overview and Level Annotations

Branches:
Dungeon (4/15)
 Temple: D:4-7

Altars:
Ashenzari
Fedhas
Nemelex Xobeh
Sif Muna
Xom

Shops:
D:1 !

Annotations:
D:4 Dowan


Innate Abilities, Weirdness & Mutations

You are immune to sickness and miasma.
Your stone body is resilient. (AC +4)
You are immune to poison.
You resist negative energy. (rN+)
You are resistant to electric shocks. (rElec)
You are resistant to unholy torment.
You are immune to petrification.


Message History

You hit Duvessa. You drain Duvessa.
Duvessa is severely wounded.
Duvessa hits you with a +4 rapier of draining.
You hit Duvessa.
Duvessa is severely wounded.
Duvessa closely misses you.
You barely miss Duvessa.
Duvessa is severely wounded.
Duvessa hits you but does no damage.
You hit Duvessa.
Duvessa is almost dead.
You block Duvessa's attack.
You hit Duvessa but do no damage. You drain Duvessa.
Duvessa is almost dead.
Duvessa hits you with a +4 rapier of draining.
You closely miss Duvessa.
Duvessa is almost dead.
Duvessa hits you with a +4 rapier of draining.
You completely miss Duvessa.
Duvessa is almost dead.
Duvessa closely misses you.
You barely miss Duvessa.
Duvessa is almost dead.
Duvessa hits you but does no damage.
You hit Duvessa. You drain Duvessa.
You kill Duvessa!
You hear a distant wail of despair.
Dowan, Brother of Duvessa comes into view.
He is wielding a +0 dagger and wearing a +1 robe of cold resistance.
Your Fighting skill increases to level 5!
Your Maces & Flails skill increases to level 4!
Your Armour skill increases to level 5!
Dowan shouts!
Dowan seems to find hidden reserves of power!
Dowan mumbles some strange words.
Dowan blinks!
Found 15 gold pieces.
Found a stone staircase leading down.
Dowan points at you and mumbles some strange words.
The shard of ice hits you!
You die...

#.... ##...#
#....## . #.....
... ...#
..$..###..#####..
......e....(....$
.....###..#####.
.§. #.@# .
#..........>
#.....#.....#.#
#.###....#....# #
#.#.....#.#
#...###)..# ###
..# ..#


You could see Dowan (fast).

Vanquished Creatures
  Duvessa (D:4)
  A phantom (D:4)
  A jelly (D:3)
  Terence (D:2)
  Robin (D:3)
  3 gnolls (D:3)
  4 adders
  3 worms
  2 orcs
  5 ball pythons
  3 endoplasms
  3 giant cockroaches
  15 goblins
  6 hobgoblins
  4 jackals (D:3)
  12 kobolds
  6 quokkas
  6 bats
  3 frilled lizards
  6 rats
86 creatures vanquished.

Notes
Turn   | Place    | Note
-------+----------+-------------------------------------------
     0 | D:1      | speeev33 the Gargoyle Fighter began the quest for the Orb.
     0 | D:1      | Reached XP level 1. HP: 14/14 MP: 1/1
   157 | D:1      | Found Moppeoc's Distillery.
   175 | D:1      | Reached XP level 2. HP: 8/19 MP: 2/2
  1091 | D:2      | Found a sparkling altar of Nemelex Xobeh.
  1328 | D:2      | Reached XP level 3. HP: 23/23 MP: 3/3
  1460 | D:2      | Noticed Terence
  1471 | D:2      | Killed Terence
  1636 | D:2      | Reached XP level 4. HP: 29/29 MP: 4/4
  1711 | D:2      | Found a faded altar of an unknown god.
  2185 | D:3      | Reached XP level 5. HP: 25/33 MP: 5/5
  2345 | D:3      | Noticed Robin
  2633 | D:3      | Killed Robin
  3293 | D:3      | Found a shimmering altar of Xom.
  3293 | D:3      | Found a faded altar of an unknown god.
  3301 | D:3      | Found a blossoming altar of Fedhas.
  3303 | D:3      | Found a broken altar of Ashenzari.
  3305 | D:3      | Found a shimmering blue altar of Sif Muna.
  3702 | D:4      | Noticed a phantom
  3708 | D:4      | Reached XP level 6. HP: 39/39 MP: 6/6
  3791 | D:4      | Noticed Duvessa
  3811 | D:4      | Killed Duvessa
  3811 | D:4      | Noticed Dowan
  3812 | D:4      | Reached skill level 5 in Fighting
  3812 | D:4      | Reached skill level 5 in Armour
  3814 | D:4      | Killed from afar by Dowan

Illustrated notes

Levels and vault maps discovered:
D:1:      noname_arrival_rooms_in_the_neighbourhood, layout_basic, serial_shops,
          shop_statue, chequers_serial_rivers_room_a
D:2:      layout_basic, hellmonk_ecumenical_altar_crossroads, basic_altar,
          uniq_terence
D:3:      layout_loops_corners, chequers_temple_overflow_minitemple,
          st_stairs_1, uniq_robin
D:4:      layout_loops_ring, minitemple, minmay_misc_feat_five, uniq_duvessa,
          uniq_pikel

Skill      XL: |  1  2  3  4  5  6 |
---------------+-------------------+-----
Armour         | 4 5 |  5.2
Shields        | 4 |  4.0
Fighting       | 4 5 |  5.2
Maces & Flails | 3 4 |  4.2

Action                   |  1- 3 |  4- 6 || total
-------------------------+-------+-------++-------
Melee: Flail             |    46 |       ||    46
       Whip              |    47 |   226 ||   273
  Use: Scroll            |     4 |     3 ||     7
Armor: Scale mail        |    36 |       ||    36
       Chain mail        |    14 |   115 ||   129
Dodge: Dodged            |    52 |    65 ||   117
Block: Buckler           |    23 |    47 ||    70

Table legend: (Time is in decaauts)
 A = Elapsed time spent in this place.
 B = Non-inter-level travel time spent in this place.
 C = Inter-level travel time spent in this place.
 D = Time resting spent in this place.
 E = Time spent auto-exploring this place.
 F = Levels seen in this place.
 G = Mean time per level.
                   A        B        C        D        E       F      G
               +--------+--------+--------+--------+--------+-----+--------+
         Total |   3813 |   3688 |    125 |    673 |   2275 |   4 |  953.2 |
       Dungeon |   3813 |   3688 |    125 |    673 |   2275 |   4 |  953.2 |
               +--------+--------+--------+--------+--------+-----+--------+

Top non-repeatable levels by time:
     D:3: 1417 daAuts
     D:2: 1241 daAuts
     D:1: 1042 daAuts
     D:4: 111 daAuts
